cohdb
Replays
Latest Replays
All Replays
Popular Replays
Top Player Replays
Match Explorer
How It Works
Community
CoH3 Stats
Reddit
Sign in to upload your games and track your stats! →
Sign in with Steam
Field Infirmary Poggerz!
Match 32573684
Overview
Messages
Build Orders
End
Construct Infanterie Kompanie
Pioneer Squad
Selects Luftwaffe Battlegroup
Selects Luftwaffe Pioneer Support
Sniper
Grenadier Squad
Construct Panzergrenadier Kompanie
Selects Flak 38 Anti-Air Emplacement
Panzergrenadier Squad
251 Medium Carrier
Medical Station
Pak 40 Anti-tank Gun Team
Panzergrenadier Officer Quarters
Panzergrenadier Squad
AI Takeover
T.R. Stormjäger
Leiarde
DebaKLe
josefhan
0
0
Comments
sign in to comment!
No comments posted yet!